 Dungeon Crawl Stone Soup version 0.27.0-1-g7a08968 (webtiles) character file.

Game seed: 16677985370145091303

56 BALLS the Skirmisher (level 3, -2/20 HPs)
             Began as a Vine Stalker Fighter on Jan 25, 2022.
             Succumbed to an adder's poison
             ... on level 2 of the Dungeon.
             The game lasted 00:02:14 (1216 turns).

BALLS the Skirmisher (Vine Stalker Fighter)         Turns: 1216, Time: 00:02:15

Health: -2/20      AC:  6    Str: 19    XL:     3   Next: 97%
Magic:  0/4        EV:  7    Int:  8    God:
Gold:   98         SH:  9    Dex: 13    Spells: 2/2 levels left

rFire    . . .     SeeInvis .   a - +0 long sword
rCold    . . .     Faith    .   c - +0 kite shield
rNeg     . . .     Spirit   +   b - +0 scale mail
rPois    .         Reflect  .   (no helmet)
rElec    .         Harm     .   (no cloak)
rCorr    .         Rampage  .   (no gloves)
Will     .....                  (no boots)
Stlth    ..........             (no amulet)
HPRegen  0.06/turn              (no ring)
MPRegen  0.09/turn              (no ring)

@: lethally poisoned (-2 -> -8)
A: fangs 2, magic shield, antimagic bite, no potion heal 2
a: no special abilities


You were on level 2 of the Dungeon.
You visited 1 branch of the dungeon, and saw 2 of its levels.

You collected 98 gold pieces.

Inventory:

Hand Weapons
 a - a +0 long sword (weapon)
Armour
 b - a +0 scale mail (worn)
 c - a +0 kite shield (worn)
Scrolls
 e - a scroll of noise {unknown}


   Skills:
 + Level 3.5 Fighting
 + Level 2.9 Long Blades
 - Level 2.4 Armour
 - Level 2.6 Shields


You had 2 spell levels left.
You didn't know any spells.
Your spell library was empty.

Dungeon Overview and Level Annotations

Branches:
Dungeon (2/15)

Altars:
Yredelemnul

Shops:
D:2 [


Innate Abilities, Weirdness & Mutations

You have extremely sharp teeth.
When hurt, damage is shared between your health and your magic reserves.
Your bite disrupts and absorbs the magic of your enemies.
Potions cannot restore your health.


Message History

The adder bites you but does no damage. The adder bites you.
You are poisoned.
The adder poisons you!
You hit the adder but do no damage. Your bite misses the adder.
The adder is almost dead.
You feel very sick. You block the adder's attack. The adder closely misses you.
You slash the adder!
You kill the adder!
You feel sick. The adder bites you.
* * * LOW HITPOINT WARNING * * *
You barely miss the adder. You bite the adder. You drain its power.
You feel invigorated.
The adder is heavily wounded.
* * * LOW HITPOINT WARNING * * *
You feel sick.
The adder bites you but does no damage. x2
You barely miss the adder. Your bite misses the adder.
The adder is heavily wounded.
* * * LOW HITPOINT WARNING * * *
You feel sick. You block the adder's attack. The adder closely misses you.
You closely miss the adder. You bite the adder. You drain its power.
The adder is almost dead.
* * * LOW HITPOINT WARNING * * *
You feel sick.
You are no longer poisoned.
The adder barely misses you. The adder bites you but does no damage.
You closely miss the adder. You bite the adder, but do no damage.
The adder is almost dead.
You block the adder's attack. The adder bites you but does no damage.
You miss the adder. Your bite misses the adder.
The adder is almost dead.
The adder completely misses you. You block the adder's attack.
You closely miss the adder. Your bite misses the adder.
The adder is almost dead.
The adder bites you.
You are lethally poisoned!
The adder poisons you! The adder closely misses you.
You closely miss the adder.
The adder is almost dead.
You die...

#........# #####
.#........########...#
..........#..........#####
#....#..............#
#....#.........####.#
#)...#.........#.....
##...'.........#.....
#.#S#.........#.....
#.#@#.........#.....
#...###########..∩.. #...#
........... #..>#
).......### ..#.#
........†.. ## # ####.#
##########. ... ..# #...#
#.... .### ######### #...#
#.#.. .... #.S.<#
###...###.###


You could see an adder.

Vanquished Creatures
  Terence (D:2)
  An adder (D:2)
  A dart slug (D:1)
  A ball python (D:1)
  3 endoplasms (D:1)
  A giant cockroach (D:1)
  2 goblins (D:1)
  A hobgoblin (D:1)
  2 jackals (D:2)
  A quokka (D:1)
  A bat (D:1)
  2 frilled lizards
  2 kobolds (D:1)
  3 rats (D:1)
22 creatures vanquished.

Notes
Turn   | Place    | Note
-------+----------+-------------------------------------------
     0 | D:1      | BALLS the Vine Stalker Fighter began the quest for the Orb.
     0 | D:1      | Reached XP level 1. HP: 11/11 MP: 2/2
   173 | D:1      | Reached skill level 3 in Fighting
   176 | D:1      | Reached XP level 2. HP: 16/16 MP: 3/3
   759 | D:2      | Found Fuopt's Antique Armour Shoppe.
   759 | D:2      | Noticed Terence
  1012 | D:2      | Killed Terence
  1013 | D:2      | Reached XP level 3. HP: 13/20 MP: 4/4
  1192 | D:2      | Found a basalt altar of Yredelemnul.
  1212 | D:2      | HP: 1/20 [poisoned by an adder]
  1216 | D:2      | Succumbed to an adder's poison

Illustrated notes

Levels and vault maps discovered:
D:1:      beargit_arrival_greenhouse, layout_loops_cross
D:2:      layout_basic, serial_shops, shop, dilly_ecumenical_altar_fadedgnrine,
          basic_altar, uniq_terence, uniq_sigmund

Skill      XL: |  1 |
---------------+----+-----
Fighting       | 3 |  3.5
Long Blades    | 2 |  2.9
Armour         | |  2.4
Shields        | |  2.6

Action                   || total
-------------------------++-------
Melee: Long sword        ||    58
       Bite              ||     7
  Use: Potion            ||     1
Armor: Scale mail        ||    20
Dodge: Dodged            ||    22
Block: Kite shield       ||    28
       Rpst.: Long sword ||     5
